 Dungeon Crawl Stone Soup version 0.17.0-23-g0de4337 (webtiles) character file.

32 imganon the Conjurer (level 3, -1/24 HPs)
             Began as a Demonspawn Wizard on Nov 13, 2015.
             Slain by a kobold
             ... wielding a +0 club
              (2 damage)
             ... on level 1 of the Dungeon.
             The game lasted 00:03:57 (1387 turns).

imganon the Conjurer (Demonspawn Wizard)            Turns: 1387, Time: 00:03:57

Health: -1/24      AC:  3    Str:  7    XL:     3   Next: 8%
Magic:  0/7        EV: 12    Int: 20    God:
Gold:   95         SH:  0    Dex: 11    Spells: 1 memorised, 7 levels left

rFire  . . .     SeeInvis .     (no weapon)
rCold  . . .     Clarity  .     a - +0 robe
rNeg   . . .     SustAt   .     (no shield)
rPois  .         Gourm    .     b - +0 hat
rElec  .         Spirit   +     (no cloak)
rCorr  .         Warding  .     (no gloves)
rMut   .         Rnd*Tele +     (no boots)
MR     .....                    (no amulet)
Stlth  ++........               (no ring)
                                g - ring of teleportation (curse)

@: not resistant to hostile enchantments, unstealthy
A: rugged brown scales 1, magic shield
a: Evoke Teleportation


You were on level 1 of the Dungeon.
You were not hungry.

You visited 1 branch of the dungeon, and saw 1 of its levels.

You collected 95 gold pieces.

Inventory:

Armour
 a - a +0 robe (worn)
 b - a +0 hat (worn)
Jewellery
 g - a cursed ring of teleportation (left hand)
Scrolls
 f - a scroll of identify
 h - a scroll of magic mapping {unknown}
 j - a scroll of recharging
Potions
 e - a potion of agility {unknown}
 k - a potion of haste {unknown}
Books
 c - a book of Minor Magic

   Spells                             Type                      Level
   a - Magic Dart                     Conjuration                  1
   b - Blink                          Translocation                2
   c - Call Imp                       Summoning                    2
   d - Repel Missiles                 Charms/Air                   2
   e - Slow                           Hexes                        2
   f - Conjure Flame                  Conjuration/Fire             3
   g - Mephitic Cloud                 Conjuration/Poison/Air       3
Comestibles
 d - 2 bread rations
 i - a meat ration


   Skills:
 - Level 1.7 Dodging
 - Level 1.7 Stealth
 - Level 3.0 Spellcasting
 + Level 3.1 Conjurations
   Level 1.0 Summonings
   Level 0.8 Translocations


You had 7 spell levels left.
You knew the following spells:

 Your Spells              Type           Power        Failure   Level  Hunger
a - Magic Dart            Conj           ###.         4%          1    None


Dungeon Overview and Level Annotations

Branches:
Dungeon (1/15)

Altars:
Xom


Innate Abilities, Weirdness & Mutations

You are partially covered in rugged brown scales (AC +1, +3% HP).
When hurt, damage is shared between your health and your magic reserves.


Message History

The giant cockroach bites you but does no damage.
All of the chunks of flesh in your inventory have rotted away.
The kobold throws a stone.
The stone barely misses you.
The giant cockroach bites you but does no damage.
The giant cockroach barely misses you. The giant cockroach bites you.
* * * LOW HITPOINT WARNING * * *
The giant cockroach closely misses you.
The giant cockroach barely misses you. x2
The giant cockroach closely misses you.
The kobold throws a stone.
The stone hits you but does no damage.
A goblin comes into view.
The giant cockroach closely misses you.
The giant cockroach bites you but does no damage.
The giant cockroach bites you. The giant cockroach bites you.
* * * LOW HITPOINT WARNING * * *
The giant cockroach completely misses you.
The giant cockroach closely misses you. The kobold hits you with a club.
You die...

####.##........#...# #.........''
.....##........#...###.........##
...............+...#...........##
....#......###'#...#.####........
...##..............#.####........
##.##............................
.#.##............................
...........#'#'#Ks.............##
...........#'#..@.....#..........
.................#....#..........
.................#....#.........)
.#'##............#....##.......##
##.##........#####....##.......##
...##........### #.....#.......##
#..............###.....#.........
................##.....#.........
....................)....#.......


You could see a giant cockroach and a kobold.

Vanquished Creatures
  2 oozes (D:1)
  A giant gecko (D:1)
  3 bats (D:1)
  3 hobgoblins (D:1)
  2 kobolds (D:1)
  A giant newt (D:1)
  3 goblins (D:1)
  4 jackals (D:1)
  A rat (D:1)
20 creatures vanquished.

Notes
Turn   | Place    | Note
--------------------------------------------------------------
     0 | D:1      | imganon the Demonspawn Wizard began the quest for the Orb.
     0 | D:1      | Reached XP level 1. HP: 13/13 MP: 4/4
   195 | D:1      | Gained mutation: You are partially covered in rugged brown scales (AC +1, +3% HP). [demonic ancestry]
   195 | D:1      | Reached XP level 2. HP: 2/19 MP: 0/6
   585 | D:1      | Found a shimmering altar of Xom.
  1185 | D:1      | Gained mutation: When hurt, damage is shared between your health and your magic reserves. [demonic ancestry]
  1185 | D:1      | Reached XP level 3. HP: 24/24 MP: 2/7
  1386 | D:1      | HP: 1/24 [giant cockroach (1)]
  1387 | D:1      | Slain by a kobold

Action                   || total
-------------------------++-------
 Cast: Magic Dart        ||    60
  Use: Scroll            ||     4
  Eat: Chunk             ||     1
